 Dungeon Crawl Stone Soup version 0.31.0-11-ge490571c62 (webtiles) character file.

Game seed: 7823586247633527113

5993 SnakkuSnakku7 the Basher (level 10, -1/74 HPs)
             Began as a Mummy Alchemist on Jan 27, 2024.
             Was a High Priest of Okawaru.
             Slain by a boulder beetle (12 damage)
             ... on level 11 of the Dungeon.
             The game lasted 00:11:45 (9618 turns).

SnakkuSnakku7 the Basher (Mummy Alchemist)          Turns: 9618, Time: 00:11:46

Health: -1/74      AC: 15    Str: 22    XL:     10   Next: 55%
Magic:  14/14      EV:  6    Int: 14    God:    Okawaru [*****.]
Gold:   318        SH:  5    Dex: 13    Spells: 14/14 levels left

rFire   . . .        a - +8 whip "Grim" {spect, rPois rF+}
rCold   + + .        g - +0 buckler
rNeg    + + +        o - +0 plate armour
rPois   ∞            p - +0 helmet
rElec   .            m - +0 cloak
rCorr   .            r - +0 pair of gloves
SInv    .            u - +1 pair of boots
Will    +....        (no amulet) Stlth
                     D - +6 ring of strength
HPRegen 0.32/turn    A - ring of protection from cold
MPRegen 0.14/turn

%: faith
@: no status effects
A: cold resistance 1, negative energy resistance 3, torment resistance 2, heat
vulnerability 1, in touch with death 1, no potions, faith
a: Renounce Religion, Heroism, Finesse, Duel


You were on level 11 of the Dungeon.
You worshipped Okawaru.
Okawaru was extremely pleased with you.
You visited 2 branches of the dungeon, and saw 12 of its levels.

You collected 486 gold pieces.
You spent 168 gold pieces at shops.

Inventory:

Hand Weapons
 a - the +8 whip "Grim" (weapon) {spect, rPois rF+}
   (You found it on level 3 of the Dungeon)

   rF+:       It protects you from fire.
   rPois:     It protects you from poison
Missiles
 E - 2 throwing nets
Armour
 g - a +0 buckler (worn)
 m - a +0 cloak (worn)
 o - a +0 plate armour (worn)
 p - a +0 helmet (worn)
 r - a +0 pair of gloves (worn)
 u - a +1 pair of boots (worn)
 C - a +0 kite shield
Jewellery
 b - a ring of fire
 n - a +4 ring of protection
 y - a ring of resist corrosion
 A - a ring of protection from cold (right hand)
 D - a +6 ring of strength (left hand)
Wands
 s - a wand of flame (37)
 x - a wand of paralysis (10)
 z - a wand of digging (4)
 B - a wand of light (14)
Scrolls
 c - 2 scrolls of immolation {unknown}
 d - a scroll of poison
 f - 2 scrolls of noise
 h - 2 scrolls of enchant armour
 i - 3 scrolls of fog
 j - 12 scrolls of teleportation
 k - a scroll of vulnerability {unknown}
 l - a scroll of revelation
 t - 2 scrolls of blinking
 w - 5 scrolls of enchant weapon


   Skills:
 - Level 5.2 Fighting
 - Level 12.0 Maces & Flails
 - Level 1.5 Dodging
 - Level 1.5 Stealth
 + Level 3.6 Shields
 - Level 2.6 Spellcasting
 - Level 0.7 Conjurations
 - Level 2.4 Alchemy


You had 14 spell levels left.
You didn't know any spells.
Your spell library contained the following spells:

 Spells                   Type           Power      Damage    Failure   Level
 Sting                    Conj/Alch      24%        1d4       99%         1
 Blink                    Tloc           2%         N/A       100%        2
 Cigotuvi's Dreadful Rot  Necr/Alch/Air  12%        N/A       100%        2
 Lesser Beckoning         Tloc           2%         N/A       100%        2
 Mercury Vapours          Alch/Air       10%        N/A       100%        2
 Momentum Strike          Conj/Tloc      4%         3d8       100%        2
 Dazzling Flash           Conj/Hex       4%         N/A       100%        3
 Gell's Gravitas          Tloc           1%         N/A       100%        3
 Inner Flame              Hex/Fire       1%         N/A       100%        3
 Mephitic Cloud           Conj/Alch/Air  4%         N/A       100%        3
 Teleport Other           Tloc           1%         N/A       100%        3
 Volatile Blastmotes      Fire/Tloc      2%         2d10      100%        3
 Dispel Undead            Necr           2%         3d7       100%        4
 Flame Wave               Conj/Fire      2%         2d4       100%        4
 Olgreb's Toxic Radiance  Alch           8%         N/A       100%        4
 Sticky Flame             Fire/Alch      5%         2d4       100%        4
 Freezing Cloud           Conj/Ice/Air   1%         6-21      100%        5
 Dispersal                Tloc           0%         N/A       100%        6
 Starburst                Conj/Fire      1%         6d3       100%        6
 Maxwell's Capacitive Co  Air            0%         ∞         100%        8
 Martyr's Knell           Necr/Summ      Unusable   N/A       N/A         4
 Death Channel            Necr           Unusable   N/A       N/A         6

Dungeon Overview and Level Annotations

Branches:
Dungeon (11/15)            Temple (1/1) D:5             Orc (0/2) D:9
   Lair: D:8-11

Altars:
Ashenzari
Cheibriados
Dithmenos
Fedhas
Gozag
Hepliaklqana
Kikubaaqudgha
Makhleb
Nemelex Xobeh
Okawaru
Qazlal
Ru
Sif Muna
Trog
Uskayaw
Vehumet
Wu Jian
Xom
Yredelemnul

Shops:
D:7 (   D:8 *   D:10 *

Annotations:
D:10 1 runed translucent door, occam's ghost, novice HOFi


Innate Abilities, Weirdness & Mutations

You are immune to poison.
Your flesh is cold resistant. (rC+)
You are immune to negative energy. (rN+++)
You are immune to unholy pain and torment.
You are vulnerable to heat. (rF-)
You are in touch with the powers of death.
You do not drink.
You have a special connection with the divine. (Faith)


Message History

You hit the boulder beetle but do no damage.
The boulder beetle is heavily wounded.
The boulder beetle bites you but does no damage.
The boulder beetle attacks as it pursues you!
The boulder beetle bites you!
* * * LOW HITPOINT WARNING * * *
The boulder beetle looks more healthy.
There is a stone staircase leading up here.
You whack the boulder beetle!
The boulder beetle is severely wounded.
Your +8 whip "Grim" {spect, rPois rF+} hits the boulder beetle.
You hit the boulder beetle but do no damage.
The boulder beetle is severely wounded.
Your +8 whip "Grim" {spect, rPois rF+} hits the boulder beetle.
You hit the boulder beetle but do no damage.
The boulder beetle is severely wounded.
Your +8 whip "Grim" {spect, rPois rF+} hits the boulder beetle but does no damage.
The boulder beetle bites you.
* * * LOW HITPOINT WARNING * * *
You hit the boulder beetle but do no damage.
The boulder beetle is severely wounded.
Your +8 whip "Grim" {spect, rPois rF+} hits the boulder beetle but does no damage.
The boulder beetle closely misses your +8 whip "Grim" {spect, rPois rF+}.
You hit the boulder beetle.
The boulder beetle is almost dead.
Your +8 whip "Grim" {spect, rPois rF+} hits the boulder beetle but does no damage.
You hit the boulder beetle but do no damage.
The boulder beetle is almost dead.
Your +8 whip "Grim" {spect, rPois rF+} hits the boulder beetle but does no damage.
The boulder beetle bites your +8 whip "Grim" {spect, rPois rF+}!
Your spectral weapon shares its damage with you!
* * * LOW HITPOINT WARNING * * *
You whack the boulder beetle!
The boulder beetle is almost dead.
Your +8 whip "Grim" {spect, rPois rF+} hits the boulder beetle but does no damage.
You hit the boulder beetle but do no damage.
The boulder beetle is almost dead.
Your +8 whip "Grim" {spect, rPois rF+} hits the boulder beetle but does no damage.
The boulder beetle bites you!
You die...

... ..#
#.# #..
#.# #.#
#.#
######@#
#....(B#
######.#
#.# #.#
#.# #.#
#.# #.#


You could see a boulder beetle and a friendly +8 whip "Grim" {spect, rPois rF+}.

Vanquished Creatures
  A cyclops (D:7)
  A manticore (D:9)
  2 trolls
  5 yaks
  Menkaure (D:4)
  A water moccasin (D:8)
  2 orc warriors
  2 ice beasts
  3 sky beasts
  A black bear (D:8)
  2 ogres (D:9)
  3 centaurs
  A phantom (D:5)
  3 kobold brigands (D:9)
  3 bullfrogs
  4 gnoll sergeants (D:9)
  A scorpion (D:7)
  4 killer bees
  2 electric eels (D:6)
  8 howler monkeys
  2 bombardier beetles
  4 hounds
  3 jellies
  5 orc priests
  A gnoll bouda (D:7)
  A sleepcap (D:6)
  Ijyb (D:5)
  Natasha (thrice) (D:2)
  Terence (D:2)
  6 iguanas
  12 orc wizards
  Robin (D:2)
  7 gnolls
  10 adders
  A white imp (D:8)
  2 dart slugs
  A ribbon worm (D:3)
  39 orcs
  9 ball pythons
  6 bats
  7 endoplasms
  2 giant cockroaches (D:1)
  14 goblins
  7 hobgoblins
  3 jackals (D:3)
  3 quokkas
  3 frilled lizards
  10 kobolds
  5 rats
219 creatures vanquished.

Vanquished Creatures (others)
  A spectral weapon (D:9)
1 creature vanquished.

Grand Total: 220 creatures vanquished

Notes
Turn   | Place    | Note
-------+----------+-------------------------------------------
     0 | D:1      | SnakkuSnakku7 the Mummy Alchemist began the quest for the
                  | Orb.
     0 | D:1      | Reached XP level 1. HP: 13/13 MP: 4/4
    71 | D:1      | Reached skill level 1 in Fighting
   116 | D:1      | Reached XP level 2. HP: 17/22 MP: 3/5
  1196 | D:2      | Reached XP level 3. HP: 20/28 MP: 7/7
  1442 | D:2      | Noticed Natasha
  1448 | D:2      | Killed Natasha
  1465 | D:2      | Reached XP level 4. HP: 35/37 MP: 8/8
  1558 | D:2      | Noticed Terence
  1574 | D:2      | Killed Terence
  1678 | D:2      | Noticed Robin
  1960 | D:2      | Killed Robin
  2184 | D:2      | Noticed Natasha
  2190 | D:2      | Killed Natasha
  2191 | D:2      | Reached XP level 5. HP: 35/43 MP: 9/9
  2240 | D:2      | Noticed Natasha
  2246 | D:2      | Killed Natasha
  2247 | D:2      | Reached skill level 5 in Fighting
  2406 | D:3      | Identified the +8 whip "Grim" {spect, rPois rF+}
  2773 | D:3      | Reached skill level 1 in Maces & Flails
  3191 | D:4      | Noticed Menkaure
  3199 | D:4      | Killed Menkaure
  3200 | D:4      | Reached skill level 3 in Maces & Flails
  3200 | D:4      | Reached XP level 6. HP: 34/51 MP: 10/10
  3350 | D:4      | Found a snail-covered altar of Cheibriados.
  3351 | D:4      | Found an ornate altar of the Wu Jian Council.
  3351 | D:4      | Found a shimmering blue altar of Sif Muna.
  3359 | D:4      | Found a broken altar of Ashenzari.
  3595 | D:5      | Entered Level 5 of the Dungeon
  3636 | D:5      | Noticed Ijyb
  3639 | D:5      | Paralysed by Ijyb for 4 turns
  3651 | D:5      | Killed Ijyb
  3857 | D:5      | Reached skill level 4 in Maces & Flails
  3857 | D:5      | Reached XP level 7. HP: 56/56 MP: 11/11
  4152 | D:5      | Found a staircase to the Ecumenical Temple.
  4163 | Temple   | Entered the Ecumenical Temple
  4178 | Temple   | Became a worshipper of Warmaster Okawaru
  4290 | D:5      | Reached skill level 5 in Maces & Flails
  4624 | D:6      | Reached skill level 6 in Maces & Flails
  4626 | D:6      | Reached * piety under Okawaru
  4627 | D:6      | Reached XP level 8. HP: 39/62 MP: 12/12
  4900 | D:6      | Reached skill level 7 in Maces & Flails
  5255 | D:7      | Found Heono's Weapon Shoppe.
  5483 | D:7      | Reached ** piety under Okawaru
  5536 | D:7      | Reached skill level 8 in Maces & Flails
  5598 | D:7      | Found a shadowy altar of Dithmenos.
  5666 | D:7      | Noticed a cyclops
  5796 | D:7      | Killed a cyclops
  5797 | D:7      | Reached skill level 9 in Maces & Flails
  5797 | D:7      | Reached XP level 9. HP: 29/68 MP: 13/13
  5993 | D:7      | Reached *** piety under Okawaru
  6700 | D:8      | Reached skill level 10 in Maces & Flails
  6850 | D:8      | Found Erepnala's General Store.
  6881 | D:8      | Bought a scroll of identify for 28 gold pieces
  6881 | D:8      | Bought a scroll of teleportation for 42 gold pieces
  6881 | D:8      | Bought a scroll of teleportation for 42 gold pieces
  6881 | D:8      | Bought a scroll of fog for 56 gold pieces
  6900 | D:8      | Found a basalt altar of Yredelemnul.
  6904 | D:8      | Noticed a profane servitor
  6916 | D:8      | Noticed an angel
  7454 | D:9      | Reached **** piety under Okawaru
  7462 | D:9      | Reached skill level 11 in Maces & Flails
  7472 | D:9      | Reached XP level 10. HP: 54/74 MP: 14/14
  7676 | D:9      | Noticed a manticore
  7688 | D:9      | Killed a manticore
  8136 | D:9      | Found a staircase to the Orcish Mines.
  8154 | D:9      | Reached skill level 12 in Maces & Flails
  8207 | D:9      | Reached skill level 1 in Shields
  8779 | D:9      | Noticed a manticore
  8803 | D:10     | Entered Level 10 of the Dungeon
  8900 | D:10     | Noticed occam's ghost (novice HOFi)
  8906 | D:10     | Found a runed translucent door.
  8939 | D:10     | Reached ***** piety under Okawaru
  9005 | D:10     | Found Tyesch's General Store.
  9230 | D:10     | Found a bloodstained altar of Trog.
  9235 | D:10     | Found a radiant altar of Vehumet.
  9235 | D:10     | Found a burning altar of Makhleb.
  9591 | D:11     | Noticed a boulder beetle
  9618 | D:11     | Slain by a boulder beetle

Illustrated notes

Levels and vault maps discovered:
D:1:      heliophobic_arrival_glass_houses, layout_loops_corners, serial_rivers,
          chequers_serial_rivers_micro_c, chequers_serial_rivers_micro_b,
          chequers_serial_rivers_micro_b, chequers_serial_rivers_micro_e,
          kennysheep_pointless_box
D:2:      layout_basic, chequers_serial_rivers_large_a, uniq_natasha,
          uniq_terence, uniq_robin
D:3:      layout_basic
D:4:      layout_rooms, chequers_temple_overflow_statue_of_worship,
          evilmike_ruin_ashenzari, uniq_menkaure
D:5:      nicolae_cairo_tiling, layout_loops_cross, minmay_temple_entry_mist,
          serial_library_hellmonk_double_dead_end, uniq_ijyb
D:6:      layout_loops_ring, serial_bayou, serial_bayou_pond_e,
          serial_bayou_lagoon_b, serial_bayou_shore_b, serial_bayou_crossing
D:7:      layout_basic, nicolae_dithmenos_shadow_blocks, serial_aquarium,
          aquarium_bridge_straight [aquarium_subvault_bridge,
          aquarium_subvault_wall, aquarium_subvault_bridge,
          aquarium_subvault_balcony], aquarium_window_3, aquarium_window_2,
          aquarium_window_fake, aquarium_window_fake, aquarium_view_2d,
          aquarium_view_2c, aquarium_balcony_1b, serial_shops,
          nicolae_shop_pleasant_corner_grove, minmay_misc_feat_doors,
          minmay_misc_feat_four_crosses
D:8:      layout_loops_corners, grunt_temple_overflow_holy_war, serial_shops,
          nicolae_shop_window_shopping
D:9:      layout_loops_ring, kennysheep_orc_monster_closet_entryway,
          minmay_misc_feat_nine_boxes, lightli_corner_chamber
D:10:     layout_roguey, grunt_temple_overflow_open, hellmonk_ghost_big_iron,
          kennysheep_small_square
D:11:     layout_small_grid, erik_lair_dragon, kennysheep_small_spiral,
          nicolae_shop_i_like_small_books_too, kennysheep_opposing_triangles,
          uniq_psyche, uniq_maurice
Temple:   compressed_dpeg_circular_temple

Skill      XL: |  1  2  3  4  5  6  7  8  9 10 |
---------------+-------------------------------+-----
Fighting       | 1 2 3 4 5 |  5.2
Maces & Flails | 3 4 6 9 11 12 | 12.0
Shields        | 3 |  3.6
Dodging        | |  1.5
Stealth        | |  1.5
Spellcasting   | |  2.6
Conjurations   | |  0.7
Alchemy        | |  2.4

Action                     |  1- 3 |  4- 6 |  7- 9 | 10-12 || total
---------------------------+-------+-------+-------+-------++-------
  Melee: Club              |    14 |       |       |       ||    14
         Unarmed           |     4 |       |       |       ||     4
         Short sword       |    63 |    55 |       |       ||   118
         Punch             |     1 |       |     4 |     1 ||     6
         Spear             |       |    33 |       |       ||    33
         Whip              |       |    74 |   273 |   147 ||   494
  Throw: Dart              |       |       |       |     1 ||     1
   Cast: Sting             |     7 |       |       |       ||     7
  Evoke: Wand              |       |       |     2 |       ||     2
    Use: Scroll            |       |       |     6 |     3 ||     9
   Stab: Sleeping          |     4 |     1 |       |       ||     5
         Distracted        |       |       |     4 |     2 ||     6
 Armour: Robe              |    61 |     6 |       |       ||    67
         Scale mail        |       |    54 |       |       ||    54
         Chain mail        |       |    78 |   190 |    96 ||   364
         Animal skin       |       |     2 |       |       ||     2
         Skin              |       |     1 |       |       ||     1
         Plate armour      |       |       |       |     8 ||     8
  Dodge: Dodged            |    53 |    78 |    78 |    26 ||   235
